 Dungeon Crawl Stone Soup version 0.17.1-1-g73c8601 (webtiles) character file.

270 Implojin the Ruffian (level 6, 0/59 HPs)
             Began as a Troll Fighter on Mar 31, 2016.
             Slain by a deep elf fighter
             ... wielding a +0 long sword
              (10 damage)
             ... on level 7 of the Dungeon.
             The game lasted 00:03:24 (517 turns).

Implojin the Ruffian (Troll Fighter)                 Turns: 517, Time: 00:03:24

Health: 0/59       AC:  5    Str: 25    XL:     6   Next: 1%
Magic:  5/5        EV:  8    Int:  4    God:
Gold:   29         SH:  9    Dex: 11    Spells: 0 memorised, 5 levels left

rFire  . . .     SeeInvis .       - Unarmed
rCold  . . .     Clarity  .     a - +0 robe
rNeg   . . .     SustAt   .     b - +0 shield
rPois  .         Gourm    +     (helmet restricted)
rElec  .         Spirit   .     (no cloak)
rCorr  .         Warding  .     (gloves unavailable)
rMut   .         Stasis   .     (boots unavailable)
MR     .....                    (no amulet)
Stlth  +.........               (no ring)
                                (no ring)

@: very slightly contaminated, not resistant to hostile enchantments, very
unstealthy
A: unfitting armour, claws 3, fast metabolism 3, gourmand, regeneration 2,
shaggy fur 1, tough skin 2
a: no special abilities


You were on level 7 of the Dungeon.
You were not hungry.

You visited 1 branch of the dungeon, and saw 7 of its levels.

You collected 29 gold pieces.

Inventory:

Armour
 a - a +0 robe (worn)
 b - a +0 shield (worn)
Scrolls
 f - a scroll of identify {unknown}
 j - a scroll of remove curse {unknown}
 k - a scroll of teleportation {unknown}
Potions
 c - a potion of might
Comestibles
 d - 3 bread rations
 g - 2 beef jerkies
 h - a slice of pizza


   Skills:
 - Level 2.4 Fighting
 - Level 2.4 Dodging
 - Level 2.4 Shields
 * Level 6.3 Unarmed Combat


You had 5 spell levels left.
You didn't know any spells.

Dungeon Overview and Level Annotations

Branches:
Dungeon (7/15)
 Temple: D:4-7

Altars:
Cheibriados
Nemelex Xobeh
Qazlal
Ru
Yredelemnul

Annotations:
D:6 Duvessa, Eustachio


Innate Abilities, Weirdness & Mutations

You are too large for most types of armour.
You have claws for hands.
Your metabolism is lightning-fast.
You like to eat raw meat.
You heal very quickly.
You are covered in fur (AC +1).
You have very tough skin (AC +2).


Message History

Things that are here:
a dagger; a robe
Things that are here:
a dagger; a ring mail You see here a club.
Things that are here:
a leather armour; a scimitar You feel yourself slow down.
Your resistance to elements expires.
You mangle the orc!!
You kill the orc!
Things that are here:
a hand axe; an orc corpse
There is a stone staircase leading up here.
You climb upwards.
Level annotation: Duvessa The deep elf fighter shouts!
Eustachio shouts!
The deep elf fighter shouts!
The slave shouts! x2
An orc warrior, a deep elf fighter and a wight come into view.
The deep elf fighter shouts!
The slave shouts!
You block the slave's attack.
Eustachio mumbles some strange words.
The slave closely misses you.
You hear a shout!
Found 15 stones and a glowing triple sword.
There is a stone staircase leading down here.
Unknown command.
The deep elf fighter gestures at you while chanting.
The puff of frost hits you! The slave hits you.
* * * LOW HITPOINT WARNING * * *
The slave hits you.
* * * LOW HITPOINT WARNING * * *
The deep elf fighter mumbles some strange words.
The deep elf fighter seems to speed up.
You climb downwards.
There is a stone staircase leading up here.
Unknown command.
Unknown command.
The deep elf fighter hits you with a long sword!
You die...

#..$......## ..
#....⌠.._..# ..
#..........# #.
#.._.......# ..
#...._....## .#
#..[.......###.#
#......[.......#####
#......pe.##........
#.....p<@[...#######
#####o####>..## #.#
##...# #.# ###.#.#
#.###...#.#
#.##.)###.. #o#))##
#### #)[.## #.###


You could see a deep elf fighter, 2 slaves and an orc.

Vanquished Creatures
  A giant frog (D:7)
  Dowan (D:6)
  2 orc priests (D:7)
  2 orc wizards (D:7)
  An adder (D:4)
  2 oozes (D:1)
  A worm (D:2)
  7 orcs
  A goblin (D:1)
  3 jackals (D:3)
  2 bats (D:3)
  2 kobolds (D:1)
25 creatures vanquished.

Notes
Turn   | Place    | Note
--------------------------------------------------------------
     0 | D:1      | Implojin the Troll Fighter began the quest for the Orb.
     0 | D:1      | Reached XP level 1. HP: 22/22 MP: 0/0
    58 | D:1      | Reached XP level 2. HP: 26/29 MP: 1/1
   102 | D:1      | Reached skill level 3 in Unarmed Combat
   210 | D:4      | Reached XP level 3. HP: 34/36 MP: 2/2
   229 | D:5      | Entered Level 5 of the Dungeon
   274 | D:6      | Noticed Duvessa
   274 | D:6      | Noticed Dowan
   275 | D:6      | Noticed a slave
   295 | D:6      | Killed Dowan
   295 | D:6      | Reached skill level 4 in Unarmed Combat
   295 | D:6      | Reached XP level 4. HP: 42/44 MP: 3/3
   361 | D:7      | Found a basalt altar of Yredelemnul.
   384 | D:7      | Found a sacrificial altar of Ru.
   384 | D:7      | Found a stormy altar of Qazlal.
   390 | D:7      | Reached skill level 5 in Unarmed Combat
   398 | D:7      | Found a snail-covered altar of Cheibriados.
   398 | D:7      | Found a sparkling altar of Nemelex Xobeh.
   405 | D:7      | Noticed a giant frog
   419 | D:7      | Killed a giant frog
   419 | D:7      | Reached XP level 5. HP: 34/50 MP: 4/4
   454 | D:7      | Reached skill level 6 in Unarmed Combat
   490 | D:7      | Reached XP level 6. HP: 12/59 MP: 5/5
   494 | D:7      | HP: 2/59 [orc wizard/magic dart (7)]
   514 | D:6      | Noticed a deep elf fighter
   514 | D:6      | Noticed Eustachio
   514 | D:6      | Noticed a deep elf fighter
   514 | D:6      | Noticed a slave
   514 | D:6      | Noticed a slave
   514 | D:6      | Noticed a deep elf fighter
   514 | D:6      | Noticed an orc warrior
   517 | D:7      | Slain by a deep elf fighter

Action                   |  1- 3 |  4- 6 || total
-------------------------+-------+-------++-------
Melee: Unarmed           |    45 |    45 ||    90
  Use: Potion            |       |     3 ||     3
  Eat: Chunk             |       |     4 ||     4

Table legend:
 A = Turns spent in this place as a percentage of turns spent in the entire game.
 B = Non-inter-level travel turns spent in this place as a percentage of non-inter-level travel turns spent in the entire game.
 C = Inter-level travel turns spent in this place as a percentage of turns spent in this place.
 D = Turns resting spent in this place as a percentage of non-inter-level travel turns spent in this place.
 E = Turns spent auto-exploring this place as a percentage of non-inter-level travel turns spent in this place.
 F = Non-inter-level travel turns spent in this place divided by the number of levels of this place that you've seen.
                   A       B       C       D       E      F
               +-------+-------+-------+-------+-------+----------------------
         Total | 100.0 | 100.0 |   0.0 |   0.0 |   0.0 |  72.7
       Dungeon | 100.0 | 100.0 |   0.0 |   0.0 |   0.0 |  72.7
               +-------+-------+-------+-------+-------+----------------------

Table legend:
 A = Kills in this place as a percentage of kills in entire the game.
 B = Kills by you in this place as a percentage of kills by you in the entire game.
 C = Kills by friends in this place as a percentage of kills by friends in the entire game.
 D = Other kills in this place as a percentage of other kills in the entire game.
 E = Experience gained in this place as a percentage of experience gained in the entire game.
 F = Experience gained in this place divided by the number of levels of this place that you have seen.
                   A       B       C       D       E      F
               +-------+-------+-------+-------+-------+----------------------
         Total | 100.0 | 100.0 |  -nan |  -nan | 100.0 |  55.3
       Dungeon | 100.0 | 100.0 |  -nan |  -nan | 100.0 |  55.3
               +-------+-------+-------+-------+-------+----------------------
